 Dungeon Crawl Stone Soup version 0.17.0-57-g0e89251 (webtiles) character file.

1614 JokEr the Grappler (level 8, -8/61 (63) HPs)
             Began as a Ghoul Monk on Dec 7, 2015.
             Mangled by an orc warrior
             ... wielding a +0 war axe
              (15 damage)
             ... on level 6 of the Dungeon.
             The game lasted 00:14:13 (6250 turns).

JokEr the Grappler (Ghoul Monk)                     Turns: 6250, Time: 00:14:13

HP:   -8/61 (63)    AC: 11    Str: 17    XL:     8   Next: 95%
MP:   7/7           EV:  0    Int:  5    God:
Gold: 208           SH:  0    Dex: 11    Spells: 0 memorised, 7 levels left

rFire  . . .     SeeInvis .       - Unarmed
rCold  + . .     Clarity  .     n - +1 plate armour
rNeg   + + +     SustAt   .     (no shield)
rPois  ∞         Gourm    .     (no helmet)
rElec  .         Spirit   .     (no cloak)
rCorr  .         Warding  .     (no gloves)
rMut   .         Stasis   .     (no boots)
MR     .....                    (no amulet)
Stlth  ..........               e - ring of positive energy
                                g - ring of invisibility

@: rotting, not resistant to hostile enchantments, extremely unstealthy
A: rotting body, claws 1, carnivore 3, cold resistance 1, negative energy
resistance 3, slow regeneration 1, torment resistance, unbreathing
a: Evoke Invisibility


You were on level 6 of the Dungeon.
You were not hungry.

You visited 1 branch of the dungeon, and saw 6 of its levels.

You collected 208 gold pieces.

Inventory:

Armour
 k - a +1 chain mail
 n - a +1 plate armour (worn)
Jewellery
 e - a ring of positive energy (right claw)
 g - a ring of invisibility (left claw)
 h - an uncursed ring of fire {unknown}
Scrolls
 l - a scroll of remove curse
Potions
 a - a potion of cancellation
 d - a potion of ambrosia
 f - a potion of lignification {unknown}
 i - a potion of heal wounds {unknown}
 j - 2 potions of curing {unknown}
 m - a potion of agility {unknown}
 q - a potion of haste
Comestibles
 b - a meat ration
 c - a beef jerky
 p - a slice of pizza
 s - a royal jelly


   Skills:
 - Level 3.2 Fighting
 - Level 2.6 Dodging
 - Level 2.1 Stealth
 + Level 12.4 Unarmed Combat


You had 7 spell levels left.
You didn't know any spells.

Dungeon Overview and Level Annotations

Branches:
Dungeon (6/15)             Temple (0/1) D:5

Altars:
Fedhas


Innate Abilities, Weirdness & Mutations

Your body is rotting away.
You thrive on raw meat.
You are immune to poison.
You have sharp fingernails.
You are carnivorous and can eat meat at any time.
Your flesh is cold resistant.
You are immune to negative energy.
You regenerate slowly when monsters are visible.
You are immune to unholy pain and torment.
You can survive without breathing.


Message History

You claw the orc warrior.
The orc warrior is almost dead.
The orc warrior hits you with a flail!
* * * LOW HITPOINT WARNING * * *
You scratch the orc warrior.
You kill the orc warrior!
You claw the orc warrior!
The orc warrior is moderately wounded.
The orc warrior hits you with a war axe.
* * * LOW HITPOINT WARNING * * *
The orc priest hits you but does no damage.
An orc comes into view. It is wielding a mace.
You closely miss the orc warrior.
The orc warrior is moderately wounded.
The orc warrior hits you with a war axe!
* * * LOW HITPOINT WARNING * * *
The orc priest miscasts a cantrip.
There is a stone staircase leading up here.
The orc warrior hits you with a war axe!
You die...

( #)### #o#
#.#####.#
#.......#
#####....###.####
....... #..o.#
..... ####.# ....
#o##### ....
#.@...# # ....
#####.####.# ....
#......# ....
#.....## ....
###.###.#
######...# ..
##.#.#.(....###
.. .........####
# .##.####.##


You could see an orc warrior and an orc priest.

Vanquished Creatures
  Grinder (D:5)
  Sigmund (D:4)
  Eustachio (D:5)
  2 orc warriors (D:6)
  An ogre (D:4)
  2 centaurs
  A giant frog (D:6)
  A hound (D:5)
  A crimson imp (D:3)
  4 orc wizards
  Crazy Yiuf (D:2)
  A centaur skeleton (D:4)
  A giant frog skeleton (D:4)
  A worker ant (D:5)
  Jessica (D:2)
  A jelly (D:5)
  Terence (D:2)
  Natasha (twice) (D:2)
  A hound zombie (D:5)
  A hound skeleton (D:5)
  Robin (D:3)
  3 gnolls (D:2)
  A worker ant zombie (D:5)
  3 adders
  3 oozes
  4 worms
  3 giant geckos
  7 orcs
  A ball python (D:3)
  17 goblins
  10 hobgoblins
  3 jackals (D:5)
  A quokka (D:6)
  A ball python skeleton (D:4)
  10 bats
  3 giant cockroaches (D:2)
  5 giant newts
  7 kobolds
  A quokka skeleton (D:4)
  6 rats
116 creatures vanquished.

Notes
Turn   | Place    | Note
--------------------------------------------------------------
     0 | D:1      | JokEr the Ghoul Monk began the quest for the Orb.
     0 | D:1      | Reached XP level 1. HP: 19/19 MP: 0/0
   345 | D:1      | Reached XP level 2. HP: 13/25 MP: 1/1
   580 | D:1      | Reached skill level 5 in Unarmed Combat
   920 | D:2      | Noticed Terence
   947 | D:2      | Killed Terence
   947 | D:2      | Reached XP level 3. HP: 22/31 MP: 2/2
  1060 | D:2      | Reached skill level 6 in Unarmed Combat
  1060 | D:2      | Reached XP level 4. HP: 20/37 MP: 3/3
  1618 | D:2      | Noticed Crazy Yiuf
  1629 | D:2      | Killed Crazy Yiuf
  1839 | D:2      | Noticed Natasha
  1843 | D:2      | Killed Natasha
  1843 | D:2      | Reached XP level 5. HP: 43/43 MP: 4/4
  1875 | D:2      | Noticed Jessica
  1880 | D:2      | Reached skill level 7 in Unarmed Combat
  1898 | D:2      | Killed Jessica
  2199 | D:2      | Noticed Natasha
  2206 | D:2      | Killed Natasha
  2665 | D:3      | Reached XP level 6. HP: 47/51 MP: 5/5
  2880 | D:3      | Reached skill level 8 in Unarmed Combat
  3207 | D:3      | Noticed Robin
  3262 | D:3      | Killed Robin
  3843 | D:4      | Found a blossoming altar of Fedhas.
  3924 | D:4      | Reached XP level 7. HP: 55/55 MP: 6/6
  4331 | D:4      | Noticed Sigmund
  4349 | D:4      | Killed Sigmund
  4349 | D:4      | Reached skill level 9 in Unarmed Combat
  4999 | D:5      | Entered Level 5 of the Dungeon
  4999 | D:5      | Noticed Eustachio
  5028 | D:5      | Killed Eustachio
  5028 | D:5      | Reached skill level 10 in Unarmed Combat
  5211 | D:5      | Found a staircase to the Ecumenical Temple.
  5308 | D:5      | Reached XP level 8. HP: 44/55 MP: 7/7
  5346 | D:5      | Noticed Grinder
  5361 | D:5      | Killed Grinder
  5361 | D:5      | Reached skill level 11 in Unarmed Combat
  6069 | D:6      | Reached skill level 12 in Unarmed Combat
  6250 | D:6      | Mangled by an orc warrior

Action                   |  1- 3 |  4- 6 |  7- 9 || total
-------------------------+-------+-------+-------++-------
Melee: Unarmed           |    61 |   199 |   157 ||   417
  Use: Scroll            |     4 |     6 |     4 ||    14
 Stab: Sleeping          |     4 |       |       ||     4
  Eat: Chunk             |     9 |    30 |    11 ||    50
